 Dungeon Crawl Stone Soup version 0.29.0-10-g45618ea6d2 (webtiles) character file.

Game seed: 1302025780952497949

1039941 RBrandon the Trollish Cataclysm (level 27, -14/300 (326) HPs)
             Began as a Troll Transmuter on Aug 29, 2022.
             Was a High Priest of Qazlal.
             Demolished by a war gargoyle
             ... wielding a +1 dire flail of draining
              (27 damage)
             ... on level 2 of the Iron City of Dis on Sept 1, 2022.
             The game lasted 06:23:18 (62151 turns).

RBrandon the Trollish Cataclysm (Troll Transmuter) Turns: 62151, Time: 06:23:19

HP:   -14/300 (326) AC:  6    Str: 32 (33) XL:     27
MP:   16/31         EV: 16    Int: 30 (31) God:    Qazlal [*****.]
Gold: 7921          SH:  7    Dex: 11      Spells: 1/51 levels left

rFire   . . .      SeeInvis +     - Unarmed
rCold   + . .      Faith    +   (no shield)
rNeg    + + +      Spirit   .   p - +2 robe {Archmagi}
rPois   .          Reflect  .   Z - +2 hat {Will+}
rElec   .          Harm     .   y - +2 cloak
rCorr   +          Rampage  .   (gloves unavailable)
Will    +++..      Archmagi +   (boots unavailable)
Stlth   +.........              A - amulet "Xurchomu" {Faith rCorr Str+4 Int+5 Dex-4}
HPRegen 1.40/turn               q - ring "Raroeqyr" {rN++ Dex+3 SInv}
MPRegen 0.22/turn               a - ring "Serphagg" {rC+ rN+ Int+6 Dex+4}

@: wereblooded, protected from physical damage, drained, repel missiles,
corroded
A: large, unfitting armour, claws 3, regeneration 1, shaggy fur 1, tough skin 1,
talons 1, clever 1, clumsy 1, deterioration 2, low MP 2, robust 1, strong 1,
wild magic 1
}: 12/15 runes: decaying, slimy, silver, obsidian, icy, bone, demonic, glowing,
magical, fiery, dark, gossamer
a: Renounce Religion, Upheaval, Elemental Force, Disaster Area


You were on level 2 of the Iron City of Dis.
You worshipped Qazlal.
Qazlal was extremely pleased with you.
You visited 15 branches of the dungeon, and saw 70 of its levels.
You visited Pandemonium 1 time, and saw 14 of its levels.
You visited the Abyss 7 times.
You also visited: Bailey and Gauntlet.

You collected 13018 gold pieces.
You spent 5097 gold pieces at shops.

Inventory:

Hand Weapons
 s - the +7 sceptre of Asmodeus
   (You took it off Asmodeus on level 7 of Gehenna)

   It can be evoked to summon fiery demons, with success rate depending on
   Evocations skill.
   Those summoned this way will remain friendly only for a limited time.
Missiles
 m - a throwing net
 J - 11 curare-tipped darts
 Y - 10 silver javelins
Armour
 p - a +2 robe of the Archmagi (worn)
   (You found it on level 2 of the Dungeon)
 y - a +2 cloak (worn)
 Z - a +2 hat of willpower (worn)
   (You found it on level 11 of the Dungeon)
Magical Staves
 X - a staff of earth
Jewellery
 a - the ring "Serphagg" (right claw) {rC+ rN+ Int+6 Dex+4}
   (You found it on level 7 of Gehenna)

   [ring of intelligence]

   Int:       It affects your intelligence (+6).
   Dex:       It affects your dexterity (+4).
   rC:        It protects you from cold.
   rN:        It protects you from negative energy.
 g - a ring of protection from cold
 i - a +4 ring of evasion
 q - the ring "Raroeqyr" (left claw) {rN++ Dex+3 SInv}
   (You took it off a minotaur in a Gauntlet)

   [ring of see invisible]

   Dex:       It affects your dexterity (+3).
   rN:        It greatly protects you from negative energy.
   SInv:      It lets you see invisible.
 A - the amulet "Xurchomu" (around neck) {Faith rCorr Str+4 Int+5 Dex-4}
   (You acquired it on level 5 of the Vaults)

   [amulet of faith]

   It allows you to gain divine favour quickly.
   Str:       It affects your strength (+4).
   Int:       It affects your intelligence (+5).
   Dex:       It affects your dexterity (-4).
   rCorr:     It protects you from acid and corrosion.
 D - the ring of the Empty Page {rPois rF+ rN+ MP+9 Dex+3}
   (You took it off a vault guard on level 5 of the Vaults)

   [ring of magical power]

   Dex:       It affects your dexterity (+3).
   rF:        It protects you from fire.
   rPois:     It protects you from poison.
   rN:        It protects you from negative energy.
   MP:        It affects your magic capacity (+9).
 F - a +4 ring of protection
 M - the ring of Xom's Capriciousness {rPois Will+ Str+6 Slay+3}
   (You took it off a demonspawn warmonger in Pandemonium)

   [ring of strength]

   Str:       It affects your strength (+6).
   Slay:      It affects your accuracy & damage with ranged weapons and melee
   (+3).
   rPois:     It protects you from poison.
   Will:      It increases your willpower.
Wands
 x - a wand of quicksilver (31)
 B - a wand of iceblast (35)
 I - a wand of paralysis (46)
 N - a wand of mindburst (36)
 Q - a wand of digging (30)
Scrolls
 d - 3 scrolls of magic mapping
 e - 35 scrolls of teleportation
 r - 2 scrolls of silence
 v - 9 scrolls of blinking
 w - 8 scrolls of vulnerability
 z - 8 scrolls of fog
 C - 10 scrolls of immolation
 E - 5 scrolls of summoning
 L - 6 scrolls of amnesia
Potions
 b - 10 potions of lignification
 c - 14 potions of heal wounds
 f - 30 potions of curing
 h - 3 potions of mutation
 j - 10 potions of cancellation
 l - 6 potions of haste
 n - 2 potions of berserk rage
 o - 11 potions of magic
 t - a potion of resistance
 G - 9 potions of attraction
 K - 8 potions of brilliance
 O - 8 potions of might
 P - 12 potions of ambrosia
 U - 7 potions of invisibility
Miscellaneous
 k - a piece from Xom's chessboard (15/15)
 u - a phantom mirror (inert)
 H - a lightning rod (4/4)
 R - a tin of tremorstones (2/2)
 S - a box of beasts
 T - the horn of Geryon
 V - a condenser vane
 W - a phial of floods


   Skills:
 - Level 21.6 Fighting
 - Level 17.1 Dodging
 - Level 21.8 Unarmed Combat
 - Level 12.6 Spellcasting
 - Level 15.7 Transmutations
 + Level 18.6 Earth Magic
 O Level 27 Invocations
 - Level 14.1 Evocations


You had one spell level left.
You knew the following spells:

 Your Spells              Type           Power      Damage    Failure   Level
a - Irradiate             Conj/Tmut      46%        3d27      5%          5
b - Wereblood             Tmut           100%       N/A       1%          2
c - Statue Form           Tmut/Erth      84%        N/A       1%          6
d - Petrify               Tmut/Erth      100%       N/A       1%          4
e - Yara's Violent Unrav  Hex/Tmut       46%        3d18      5%          5
f - Passwall              Tmut/Erth      100%       N/A       1%          2
g - Lee's Rapid Deconstr  Erth           65%        3d31*     1%          5
h - Dragon Form           Tmut           60%        N/A       6%          7
i - Borgnjor's Vile Clut  Necr/Erth      49%        N/A       3%          5
j - Shatter               Erth           65%        3d48*     85%         9

Your spell library contained the following spells:

 Spells                   Type           Power      Damage    Failure   Level
 Beastly Appendage        Tmut           100%       N/A       1%          1
 Sting                    Tmut/Pois      100%       1d8       1%          1
 Foxfire                  Conj/Fire      100%       2x1d9     4%          1
 Freeze                   Ice            100%       1d11      4%          1
 Magic Dart               Conj           100%       1d8       4%          1
 Necrotise                Necr           100%       1d9       4%          1
 Shock                    Conj/Air       100%       1d9       4%          1
 Slow                     Hex            100%       N/A       4%          1
 Summon Small Mammal      Summ           100%       N/A       4%          1
 Ignite Poison            Fire/Tmut/Pois 78%        N/A       1%          3
 Spider Form              Tmut/Pois      92%        N/A       1%          3
 Stone Arrow              Conj/Erth      100%       3d13      1%          3
 Animate Armour           Summ/Erth      100%       N/A       1%          4
 Leda's Liquefaction      Hex/Erth       49%        N/A       1%          4
 Blade Hands              Tmut           60%        N/A       1%          5
 Ice Form                 Ice/Tmut       92%        N/A       2%          4
 Call Imp                 Summ           36%        N/A       7%          2
 Ensorcelled Hibernation  Hex/Ice        72%        N/A       7%          2
 Poisonous Vapours        Pois/Air       72%        N/A       7%          2
 Searing Ray              Conj           72%        2d7       7%          2
 Static Discharge         Conj/Air       36%        3-8/arc   7%          2
 Sublimation of Blood     Necr           36%        N/A       7%          2
 Call Canine Familiar     Summ           36%        N/A       13%         3
 Confusing Touch          Hex            36%        N/A       13%         3
 Conjure Flame            Conj/Fire      36%        6-21      13%         3
 Dazzling Flash           Conj/Hex       72%        N/A       13%         3
 Frozen Ramparts          Ice            72%        1d11      13%         3
 Gell's Gravitas          Tloc           36%        N/A       13%         3
 Inner Flame              Hex/Fire       36%        N/A       13%         3
 Lesser Beckoning         Tloc           36%        N/A       13%         3
 Mephitic Cloud           Conj/Pois/Air  36%        N/A       13%         3
 Summon Guardian Golem    Hex/Summ       36%        N/A       13%         3
 Swiftness                Air            36%        N/A       13%         3
 Teleport Other           Tloc           36%        N/A       13%         3
 Tukima's Dance           Hex            36%        N/A       13%         3
 Vampiric Draining        Necr           36%        2d8       13%         3
 Iron Shot                Conj/Erth      49%        9d9       13%         6
 Airstrike                Air            18%        2d(3-19)  34%         4
 Anguish                  Hex/Necr       18%        N/A       34%         4
 Animate Dead             Necr           36%        N/A       34%         4
 Cause Fear               Hex            18%        N/A       34%         4
 Corpse Rot               Necr/Pois/Air  36%        N/A       34%         4
 Dispel Undead            Necr           36%        3d15      34%         4
 Flame Wave               Conj/Fire      36%        2d10      34%         4
 Fulminant Prism          Conj/Hex       18%        3d11      34%         4
 Hailstorm                Conj/Ice       36%        3d9       34%         4
 Iskenderun's Mystic Bla  Conj/Tloc      36%        2d9       34%         4
 Olgreb's Toxic Radiance  Pois           36%        N/A       34%         4
 Passage of Golubria      Tloc           36%        N/A       34%         4
 Sticky Flame             Conj/Fire      36%        2d6       34%         4
 Summon Ice Beast         Ice/Summ       36%        N/A       34%         4
 Summon Lightning Spire   Summ/Air       36%        N/A       34%         4
 Agony                    Necr           36%        N/A       67%         5
 Fireball                 Conj/Fire      18%        3d9       67%         5
 Freezing Cloud           Conj/Ice/Air   18%        6-21      67%         5
 Iskenderun's Battlesphe  Conj           36%        2d9       67%         5
 Lightning Bolt           Conj/Air       18%        1d32      67%         5
 Metabolic Englaciation   Hex/Ice        18%        N/A       67%         5
 Silence                  Hex/Air        18%        N/A       67%         5
 Conjure Ball Lightning   Conj/Air       18%        3x3d6     99%         6
 Death Channel            Necr           18%        N/A       99%         6
 Dispersal                Tloc           18%        N/A       99%         6
 Simulacrum               Ice/Necr       18%        N/A       99%         6
 Starburst                Conj/Fire      18%        6d7       99%         6
 Lehudib's Crystal Spear  Conj/Erth      49%        10d12     99%         8
 Enfeeble                 Hex            18%        N/A       100%        7
 Orb of Destruction       Conj           18%        9d8       100%        7
 Spellforged Servitor     Conj/Summ      18%        N/A       100%        7
 Summon Hydra             Summ           18%        N/A       100%        7
 Borgnjor's Revivificati  Necr           18%        N/A       100%        8
 Discord                  Hex            18%        N/A       100%        8
 Disjunction              Tloc           18%        N/A       100%        8
 Ignition                 Fire           18%        3d7       100%        8
 Necromutation            Tmut/Necr      46%        N/A       100%        8
 Chain Lightning          Conj/Air       18%        3d24      100%        9
 Death's Door             Necr           18%        N/A       100%        9
 Dragon's Call            Summ           18%        N/A       100%        9
 Fire Storm               Conj/Fire      18%        8d5       100%        9


Dungeon Overview and Level Annotations

Branches:
Dungeon (15/15)            Temple (1/1) D:4            Lair (5/5) D:9
  Swamp (4/4) Lair:3       Spider (4/4) Lair:3        Slime (5/5) Lair:5
    Orc (2/2) D:9             Elf (3/3) Orc:2        Vaults (5/5) D:14
  Crypt (0/3) Vaults:2     Depths (4/4) D:15           Hell (visited)
    Dis (2/7) Hell            Geh (7/7) Hell            Coc (7/7) Hell
    Tar (7/7) Hell            Zot (0/5) Depths:4     Bailey (visited)
Gauntlet (visited)

Altars:
Ashenzari
Dithmenos
Fedhas
Gozag
Nemelex Xobeh
Qazlal
Sif Muna
Trog
Uskayaw
Vehumet
Wu Jian
Yredelemnul
Jiyva

Shops:
D:2 :   D:4 (   D:5 :   D:12 *   D:13 ?   Orc:2 *:([[(   Elf:1 !   Elf:2 (
Vaults:4 =(*[   Depths:1 *(

Portals:
Hell: Depths:1 Depths:2 Depths:3 Depths:4
Abyss: Depths:3
Pandemonium: Depths:2

Annotations:
D:7 4 runed translucent doors
Lair:5 exclusion: obsidian statue
Spider:4 2 transporters, iguanaiguana's ghost, adept DjAM
Elf:2 4 runed translucent doors
Vaults:4 exclusion: orange crystal statue
Vaults:5 1 exclusion
Depths:3 zig, 1 runed translucent door, exclusions: dread lich and 3 more exclusions
Depths:4 2 runed translucent doors, strangelove's ghost, master GrEE


Innate Abilities, Weirdness & Mutations

You are too large for most types of armour.
You have claws for hands.
Your natural rate of healing is unusually fast.
You are covered in fur. (AC +1)
You have tough skin. (AC +1)
You have sharp toenails.
Your mind is acute. (Int +4, Str/Dex -1)
You are clumsy. (Dex -2)
Your body often deteriorates upon taking damage.
Your magical capacity is very low. (-20% MP)
You are robust. (+10% HP)
Your muscles are strong. (Str +4, Int/Dex -1)
Your spells are a little harder to cast, but a little more powerful.


Message History

The crystal echidna throws crystal bolt at you.
The crystal bolt freezes you!! You resist.
Your resistance to fire fades away.
You feel protected from cold.
* * * LOW HITPOINT WARNING * * *
The crystal bolt misses you.
The crystal bolt freezes the crystal echidna.
The crystal echidna completely resists.
The crystal bolt freezes the crystal echidna.
The crystal echidna completely resists.
The crystal echidna bites you!
* * * LOW HITPOINT WARNING * * *
As you read the scroll of teleportation, it crumbles to dust.
You feel strangely unstable. The crystal echidna barely misses you.
You feel much better. The crystal echidna bites you!!
* * * LOW HITPOINT WARNING * * *
Your resistance to cold fades away.
You feel protected from physical attacks.
You feel much better.
Your surroundings suddenly seem different.
You hear the creaking of ancient metal! 2 hellions, 2 iron dragons, 3 crystal echidnas, a quicksilver elemental, 4 iron giants, a tormentor and 10 golems come into view.
A war gargoyle is wielding a +1 dire flail of pain.
A war gargoyle is wielding a +0 lajatang of distortion.
A war gargoyle is wielding a +3 dire flail of holy wrath.
A war gargoyle is wielding a +1 dire flail of draining.
Found a stone staircase leading down.
The iron giant shouts! x2; The iron dragon roars deafeningly! x2
The iron giant shouts!
The tormentor roars!
The war gargoyle launches metal splinters at you.
The spray of metal splinters hits you!!
* * * LOW HITPOINT WARNING * * *
The tormentor calls on the powers of darkness!
The iron giant convulses!
The iron dragon convulses! x2
Your body is wracked with pain!
* * * LOW HITPOINT WARNING * * *
The iron giant convulses!
The quicksilver elemental hits you!
* * * LOW HITPOINT WARNING * * *
You feel your power leaking away.
The iron giant throws the war gargoyle at you!
* * * LOW HITPOINT WARNING * * *
The war gargoyle hits you with a +1 dire flail of draining!!
You die...

.#8..################
.##.. 8#8#9#8#8##
.#8.. ..........##
.##.. ...........#
.#8.. ..9.9......#
.##.. .8..C..8...#
.##.. ...C.C☼.☼..# .#
........9☼.# .#
8r..99.@82># .#
...2..D9E..# .#
......rD...# .#
.8C....8...# .#
....89..^..# .#
..r...2....# .#
..........## .#
8#9#8#9#8##


You could see 5 iron golems, 4 iron giants, 2 iron dragons, a quicksilver
elemental, 3 crystal echidnas, 5 war gargoyles, 2 hellions and a tormentor.

Vanquished Creatures
  Cerebov (Pan)
  Antaeus (Coc:7)
  Asmodeus (Geh:7)
  the Royal Jelly (Slime:5)
  Gloorx Vloq (Pan)
  the Serpent of Hell (Coc:7)
  Ereshkigal (Tar:7)
  Lom Lobon (Pan)
  Mnoleg (Pan)
  7 ancient liches
  8 dread liches
  Mara (Spider:4)
  A juggernaut (Depths:3)
  Mennas (Vaults:5)
  5 pandemonium lords (Pan)
  Bai Suzhen (Vaults:2)
  Frederick (Vaults:5)
  8 shard shrikes (Coc:7)
  Saint Roka (Vaults:5)
  Margery (Vaults:2)
  5 caustic shrikes
  Geryon (Hell)
  5 golden dragons
  20 bone dragons
  7 profane servitors
  18 doom hounds
  Arachne (Spider:3)
  8 Brimstone Fiends
  13 Tzitzimimeh
  21 hellephants
  An iron giant (Dis:2)
  A spectral shard shrike (Tar:7)
  10 tentacled monstrosities
  Mlioglotl (Swamp:4)
  8 liches
  14 Ice Fiends
  15 tainted leviathans
  Jorgrun (D:12)
  3 walking earthen tomes
  2 Hell Sentinels
  24 titans
  A shard shrike skeleton (Hell)
  2 deep elf master archers (Elf:3)
  A deep elf blademaster (Elf:3)
  14 searing wretches
  22 acid blobs
  A quicksilver dragon (Depths:4)
  2 ancient champions (Dis:1)
  18 Executioners
  3 sphinxes
  Kirke (Spider:2)
  2 thorn hunters (Swamp:4)
  Frances (Swamp:2)
  28 tentacled starspawn
  5 shadow dragons
  8 tengu reavers
  5 storm dragons
  16 fire giants
  A draconian monk (Abyss:3)
  A fenstrider witch (Swamp:3)
  15 rockslimes
  12 frost giants
  Roxanne (Spider:3)
  8 azure jellies
  17 narguns
  32 balrugs
  A quicksilver elemental (Dis:1)
  8 emperor scorpions (Spider:4)
  26 vault wardens
  8 iron dragons
  14 deep elf sorcerers
  Aizul (Spider:3)
  8 demonspawn warmongers (Pan)
  24 cacodemons
  A draconian scorcher (Depths:4)
  A caustic shrike zombie (Hell)
  An orc warlord (Orc:2)
  2 ghost moths (Spider:4)
  A ghoul (Vaults:2)
  5 deep elf elementalists
  2 curse skulls (Pan)
  14 reapers
  4 shard shrike simulacra
  4 broodmothers
  4 draconian annihilators
  3 demonspawn corrupters (Pan)
  24 ironbound preservers
  6 stone giants
  28 very ugly things
  10 quicksilver oozes
  2 spriggan defenders (Depths:3)
  15 war gargoyles
  4 demonspawn blood saints (Pan)
  11 ironbound thunderhulks
  5 vampire knights
  13 putrid mouths
  2 black draconians (Depths:4)
  3 spectral titans
  16 elemental wellsprings
  2 eleionomae
  9 deep elf demonologists
  12 deep elf annihilators
  Azrael (D:14)
  3 entropy weavers
  2 yellow draconians (Depths:4)
  13 lorocyprocas
  4 demonspawn black suns (Pan)
  8 dire elephants
  12 spark wasps
  A purple draconian (Abyss:3)
  A minotaur (Gauntlet)
  A spark wasp (shapeshifter) (Gauntlet)
  14 wendigos
  4 bunyips
  An iron golem (Hell)
  A bunyip (shapeshifter) (Gauntlet)
  A white draconian (Depths:4)
  16 green deaths
  A crystal guardian (Vaults:2)
  5 deep elf death magi
  8 ettins
  A merfolk javelineer (Depths:4)
  10 eidola
  A jiangshi (Vaults:2)
  2 merfolk impalers (Depths:4)
  2 spectral golden dragons (Tar:2)
  9 blizzard demons
  10 deep elf high priests
  8 fire dragons
  A spriggan zombie (D:15)
  15 yaktaur captains
  2 spectral spriggans
  5 peacekeepers
  4 rakshasas
  6 caustic shrike simulacra
  2 kraken zombies (Hell)
  16 ice dragons
  13 hydras
  49 vault guards
  2 shambling mangroves (Swamp:4)
  13 great orbs of eyes
  11 ironbound frosthearts
  2 spriggan air magi
  3 juggernaut simulacra
  2 ghost crabs (Geh:1)
  4 salamander tyrants
  3 spriggan skeletons
  3 ogre magi
  8 two-headed ogres
  5 boulder beetles
  2 jorogumos
  8 hell beasts
  3 stokers
  6 centaur warriors
  7 alligators
  An alligator (shapeshifter) (Vaults:5)
  2 death yaks (Lair:5)
  A deep troll shaman (Depths:1)
  33 hell hogs
  2 radroaches
  12 dancing weapons
  5 deep troll earth magi
  5 tengu warriors
  4 vampire magi
  A titan zombie (Hell)
  57 soul eaters
  5 spectral dire elephants
  8 thrashing horrors (Abyss:3)
  12 spriggan berserkers
  3 shock serpents (Pan)
  2 orc high priests (Orc:2)
  A storm dragon zombie (Abyss:2)
  10 deep elf knights
  3 crystal echidnas
  40 sun demons
  11 wretched stars
  30 hell knights
  6 iron trolls
  7 goliath frogs
  6 skeletal warriors
  11 shadow wraiths
  A storm dragon skeleton (Pan)
  A spatial maelstrom (Abyss:2)
  9 pharaoh ants
  4 sun moths
  5 quicksilver dragon simulacra
  33 sixfirhies
  5 spriggan druids
  2 spectral anacondas
  5 spectral hydras
  A shadow demon (Pan)
  2 titan skeletons
  74 deep trolls
  A spectral bunyip (Tar:2)
  10 orb spiders
  8 glowing orange brains
  10 steelbarb worms
  An anaconda zombie (Hell)
  15 ironbound convokers
  5 swamp dragons
  7 spriggan simulacra
  25 deep elf zephyrmancers
  A bog body (Swamp:3)
  15 deep elf archers
  56 starcursed masses
  2 spectral iron dragons
  A golden dragon skeleton (D:15)
  4 flayed ghosts
  A lindwurm (shapeshifter) (Depths:1)
  5 lindwurms
  A shadow dragon zombie (Abyss:2)
  An anaconda skeleton (Hell)
  4 harpies (Vaults:3)
  16 necromancers
  14 wizards
  A kraken simulacrum (Hell)
  13 orc knights
  4 phantasmal warriors
  21 deep elf pyromancers
  A mana viper (shapeshifter) (Vaults:5)
  A wolf spider (shapeshifter) (Abyss:3)
  42 wolf spiders
  A shining eye (shapeshifter) (Vaults:2)
  4 oklob plants
  52 ugly things
  10 shining eyes
  A frost giant zombie (D:15)
  9 orc sorcerers
  5 manticores
  A salamander (Abyss:2)
  A stone giant zombie (Abyss:2)
  11 cyclopes
  A shadow dragon skeleton (Pan)
  6 will-o-the-wisps
  7 worldbinders
  2 stone giant skeletons
  4 moths of wrath
  An elephant (shapeshifter) (D:14)
  Joseph (D:7)
  A guardian serpent (Abyss:2)
  A naga zombie (Abyss:3)
  An apocalypse crab (Abyss:3)
  19 elephants
  9 torpor snails
  3 molten gargoyles (Hell)
  9 rust devils
  2 titan simulacra
  6 eyes of devastation
  A black mamba (Lair:2)
  3 ice statues
  28 orange demons
  9 cane toads
  17 vault sentinels
  4 unseen horrors
  2 centaur skeletons
  A cane toad (shapeshifter) (Elf:2)
  43 smoke demons
  19 tormentors
  A rime drake (Lair:4)
  2 dire elephant skeletons
  10 hellions
  48 yaktaurs
  8 efreet
  A komodo dragon (shapeshifter) (D:14)
  A kobold demonologist (D:10)
  9 tengu conjurers
  11 demonic crawlers
  A bunyip simulacrum (Coc:1)
  3 spectral nagas
  3 anaconda simulacra
  21 ancient zymes
  11 freezing wraiths
  37 hellwings
  8 komodo dragons
  13 ice devils
  A guardian mummy (D:15)
  4 spectral harpies
  3 red devils (Pan)
  5 hydra zombies
  3 meliai (Spider:3)
  2 death drake zombies (Swamp:4)
  A queen bee (Lair:2)
  10 trolls
  A polar bear (Lair:2)
  A silent spectre (Tar:1)
  2 hydra skeletons
  7 saltlings (Orc:2)
  11 tyrant leeches
  A tarantella (shapeshifter) (Vaults:5)
  10 blink frogs
  17 hornets
  A sphinx simulacrum (Vaults:2)
  3 iron dragon simulacra
  119 slime creatures
  A dream sheep (shapeshifter) (D:12)
  A wind drake (shapeshifter) (Depths:4)
  59 large abominations
  3 harpy skeletons (Pan)
  13 raiju
  3 stone giant simulacra
  43 tarantellas
  3 alligator zombies (Hell)
  A vampire (D:12)
  9 flying skulls
  An ettin skeleton (Pan)
  A jumping spider (shapeshifter) (Elf:2)
  26 culicivoras
  A centaur simulacrum (Coc:2)
  An air elemental (Elf:2)
  3 shadows
  A naga simulacrum (Coc:3)
  22 ynoxinuls
  5 dire elephant simulacra
  26 jumping spiders
  9 water elementals
  6 wraiths
  A yak (shapeshifter) (Depths:2)
  2 basilisks (Lair:4)
  An alligator skeleton (Hell)
  15 spriggans
  7 wyverns
  7 fire elementals
  39 small abominations
  47 yaks
  A human (Spider:2)
  A hog (Spider:2)
  19 golden eyes
  2 basilisks (shapeshifter) (Abyss:3)
  2 steam dragons
  5 vampire mosquitoes
  A death yak simulacrum (Lair:5)
  2 wargs (Orc:2)
  20 chaos spawn
  101 redbacks
  19 swamp worms
  A naga (Abyss:2)
  2 acid dragons
  18 neqoxecs
  2 spatial vortices (Abyss:2)
  A spectral cane toad (Lair:5)
  2 swamp worms (shapeshifter)
  16 water moccasins
  Duvessa (D:4)
  Menkaure (D:6)
  10 harpy simulacra
  A demonspawn zombie (Hell)
  A human skeleton (Vaults:2)
  2 hydra simulacra (Swamp:4)
  5 floating eyes
  12 hell hounds
  4 naga skeletons (Pan)
  8 swamp drakes
  An ettin simulacrum (Coc:4)
  36 orc warriors
  A sky beast (Abyss:2)
  2 black bears
  An ice beast (D:7)
  2 swamp dragon zombies (Swamp:4)
  7 centaurs
  13 wolves
  10 ogres
  2 swamp dragon skeletons (Swamp:4)
  A centaur (shapeshifter) (Vaults:4)
  2 elephant skeletons (Lair:5)
  2 kobold brigands
  2 phantoms (D:6)
  11 bullfrogs
  A necrophage (D:4)
  A gnoll sergeant (D:5)
  An earth elemental (Elf:3)
  3 scorpions
  21 wights
  Dowan (D:4)
  33 killer bees
  A vampire bat (Lair:1)
  3 howler monkeys (D:10)
  An electric eel (Lair:2)
  5 crimson imps
  6 quasits
  4 hounds
  3 jellies
  A gnoll bouda (Lair:4)
  14 orc priests
  An iron imp (Abyss:3)
  Terence (D:3)
  Jessica (D:2)
  3 iguanas
  17 orc wizards
  6 hell rats (Lair:4)
  17 gnolls
  5 adders
  A shadow imp (Abyss:3)
  9 white imps
  8 ufetubi
  3 worms (D:2)
  4 dart slugs (D:1)
  72 orcs
  6 endoplasms
  5 giant cockroaches
  8 hobgoblins
  5 jackals
  5 quokkas
  8 ball pythons
  16 bats
  3 frilled lizards
  14 goblins
  13 kobolds
  5 rats
  2 ball lightnings (Pan)
  A butterfly (Lair:3)
  A creeping inferno (Geh:1)
  7 fire vortices
  3 lurking horrors
  3 pillars of salt (Orc:2)
  20 starspawn tentacles
  6 tentacles (Hell)
3548 creatures vanquished.

Vanquished Creatures (collateral kills)
  A doom hound (Tar:7)
  2 Tzitzimimeh (Tar:7)
  Rupert (Orc:2)
  An entropy weaver (Spider:2)
  2 dire elephants (Lair:5)
  A wendigo (Coc:7)
  5 hydras
  A soul eater (Pan)
  3 skeletal warriors
  3 ugly things (D:15)
  A wolf spider (Spider:3)
  3 shining eyes
  A smoke demon (Pan)
  A rime drake (Lair:3)
  A hellion (Pan)
  A hornet (D:7)
  2 vampire mosquitoes (Lair:3)
  2 swamp worms (Lair:3)
  2 water moccasins (Lair:3)
  An orc warrior (Bailey)
  An orc priest (Orc:2)
  2 iguanas (Lair:3)
  An orc wizard (Orc:2)
  2 orcs (Orc:2)
41 creatures vanquished.

Vanquished Creatures (others)
  A Brimstone Fiend (Pan)
  An eldritch tentacle (Pan)
  A juggernaut simulacrum (Coc:4)
  2 deep elf zephyrmancers
  A deep elf pyromancer (Elf:3)
  A hellion (Coc:3)
  An anaconda simulacrum (Coc:1)
  A bloated husk (Swamp:2)
  A tarantella (Spider:3)
  A flying skull (Abyss:2)
  A naga simulacrum (Coc:3)
  A golden eye (Slime:5)
  An ettin simulacrum (Coc:7)
  A small abomination (Abyss:3)
  An orc (Orc:2)
  13 ball lightnings (Pan)
  2 creeping infernos
  18 demonic plants
  4 fire vortices
  20 foxfires
  23 fungi
  2 lurking horrors
  6 pillars of salt (Orc:2)
  84 plants
  54 starspawn tentacles
  10 tentacles (Hell)
  22 withered plants
274 creatures vanquished.

Grand Total: 3863 creatures vanquished

Notes
Turn   | Place    | Note
-------+----------+-------------------------------------------
     0 | D:1      | RBrandon the Troll Transmuter began the quest for the Orb.
     0 | D:1      | Reached XP level 1. HP: 18/18 MP: 1/1
    49 | D:1      | Reached skill level 1 in Fighting
   115 | D:1      | Reached XP level 2. HP: 27/27 MP: 2/2
   386 | D:1      | Reached XP level 3. HP: 33/33 MP: 3/3
   509 | D:1      | Found a faded altar of an unknown god.
   565 | D:1      | Prayed at the altar of an unknown god.
   565 | D:1      | Became a worshipper of Qazlal Stormbringer
   565 | D:1      | Reached * piety under Qazlal
   891 | D:2      | Found a broken altar of Ashenzari.
   952 | D:2      | Reached XP level 4. HP: 38/42 MP: 4/4
  1062 | D:2      | Found Dubucopn's Book Emporium.
  1172 | D:2      | Reached skill level 5 in Unarmed Combat
  1172 | D:2      | Reached XP level 5. HP: 38/49 MP: 5/5
  1320 | D:2      | Noticed Jessica
  1327 | D:2      | Reached ** piety under Qazlal
  1331 | D:2      | Killed Jessica
  1376 | D:2      | You fall into a shaft and drop 2 floors!
  1393 | D:4      | Found Gukhyusa's Weapon Boutique.
  1839 | D:3      | Reached skill level 1 in Invocations
  1839 | D:3      | Reached XP level 6. HP: 56/59 MP: 6/6
  2108 | D:3      | Found a radiant altar of Vehumet.
  2108 | D:3      | Found an ornate altar of the Wu Jian Council.
  2122 | D:3      | Noticed Terence
  2128 | D:3      | Killed Terence
  2322 | D:4      | Noticed Duvessa
  2322 | D:4      | Noticed Dowan
  2674 | D:4      | Reached skill level 2 in Invocations
  2689 | D:4      | Reached *** piety under Qazlal
  2785 | D:4      | Reached skill level 3 in Invocations
  2785 | D:4      | Reached XP level 7. HP: 51/67 MP: 6/8
  2845 | D:4      | Killed Duvessa
  2846 | D:4      | Reached skill level 4 in Invocations
  2848 | D:4      | Killed Dowan
  2959 | D:4      | Reached skill level 5 in Invocations
  3060 | D:4      | Found a staircase to the Ecumenical Temple.
  3069 | Temple   | Entered the Ecumenical Temple
  3216 | D:4      | Learned a level 2 spell: Wereblood
  3299 | D:5      | Entered Level 5 of the Dungeon
  3321 | D:5      | Reached XP level 8. HP: 58/75 MP: 7/10
  3633 | D:5      | Found Rurelath's Book Emporium.
  4187 | D:5      | Found a hide-covered altar of Uskayaw.
  4627 | D:6      | Noticed Menkaure
  4640 | D:6      | Killed Menkaure
  4758 | D:6      | Reached **** piety under Qazlal
  4770 | D:6      | Reached skill level 6 in Invocations
  4770 | D:6      | Reached XP level 9. HP: 81/84 MP: 12/12
  5109 | D:7      | Noticed Joseph
  5120 | D:7      | Killed Joseph
  5233 | D:7      | Found a flagged portal.
  5238 | Bailey   | Entered a bailey
  5296 | Bailey   | Reached skill level 5 in Fighting
  5451 | Bailey   | Noticed an orc knight
  5482 | Bailey   | Killed an orc knight
  5483 | Bailey   | Reached skill level 7 in Invocations
  5601 | D:7      | Reached XP level 10. HP: 96/96 MP: 14/14
  5902 | D:7      | Found a large runed translucent door.
  5902 | D:7      | Found a large runed translucent door.
  5911 | D:7      | Found a large runed translucent door.
  5911 | D:7      | Found a large runed translucent door.
  5950 | D:7      | Reached skill level 10 in Unarmed Combat
  6556 | D:8      | Identified the +6 short sword "Exkouz" {drain, rF+ Int+2}
  6880 | D:8      | Found a shadowy altar of Dithmenos.
  7210 | D:9      | Reached skill level 8 in Invocations
  7220 | D:9      | Reached ***** piety under Qazlal
  7414 | D:9      | Found an opulent altar of Gozag.
  7648 | D:9      | Reached XP level 11. HP: 107/107 MP: 12/16
  7671 | D:9      | Found a staircase to the Lair.
  7707 | Lair:1   | Entered Level 1 of the Lair of Beasts
  7707 | Lair:1   | Noticed a four-headed hydra
  7713 | Lair:1   | Killed a four-headed hydra
  7857 | Lair:1   | Reached skill level 9 in Invocations
  8290 | Lair:2   | Reached skill level 10 in Invocations
  8642 | Lair:2   | Reached skill level 11 in Invocations
  9257 | Lair:3   | Noticed a seven-headed hydra
  9257 | Lair:3   | Found a staircase to the Swamp.
  9264 | Lair:3   | Killed a seven-headed hydra
  9267 | Lair:3   | Reached XP level 12. HP: 118/118 MP: 11/19
  9281 | Lair:3   | Reached skill level 12 in Invocations
  9347 | Lair:3   | Noticed an alligator
  9354 | Lair:3   | Killed an alligator
  9361 | Lair:3   | Noticed a six-headed hydra
  9368 | Lair:3   | Killed a six-headed hydra
  9369 | Lair:3   | Reached skill level 13 in Invocations
  9389 | Lair:3   | Noticed an alligator
  9397 | Lair:3   | Killed an alligator
  9436 | Lair:3   | Found a hole to the Spider Nest.
  9539 | Lair:3   | Noticed a five-headed hydra
  9543 | Lair:3   | Killed a five-headed hydra
  9874 | Lair:3   | Identified the +1 quarterstaff "Orb Guardian's Bane"
                  | {speed, rF+}
 10092 | Lair:4   | Noticed a five-headed hydra
 10098 | Lair:4   | Killed a five-headed hydra
 10263 | Lair:4   | Reached XP level 13. HP: 124/127 MP: 20/22
 10301 | Lair:4   | Reached skill level 14 in Invocations
 10448 | Lair:5   | Entered Level 5 of the Lair of Beasts
 11066 | Lair:5   | Found a runed translucent door.
 11067 | Lair:5   | Found a viscous altar of Jiyva.
 11067 | Lair:5   | Noticed an acid blob
 11068 | Lair:5   | Noticed an acid blob
 11068 | Lair:5   | Noticed an acid blob
 11069 | Lair:5   | Found a staircase to the Slime Pits.
 11668 | Lair:5   | Noticed a dire elephant
 11668 | Lair:5   | Noticed a dire elephant
 11676 | Lair:5   | Noticed a dire elephant
 11687 | Lair:5   | Noticed a dire elephant
 11693 | Lair:5   | Killed a dire elephant
 11696 | Lair:5   | Killed a dire elephant
 11790 | Lair:5   | Reached skill level 5 in Dodging
 12162 | D:10     | Entered Level 10 of the Dungeon
 12924 | D:11     | Reached skill level 1 in Evocations
 12966 | D:11     | Reached XP level 14. HP: 42/140 MP: 24/24
 13965 | D:12     | Noticed Jorgrun
 13987 | D:12     | Killed Jorgrun
 14552 | D:12     | Reached skill level 5 in Evocations
 14585 | D:12     | Learned a level 6 spell: Statue Form
 14646 | D:12     | Found Asenniets's Serpentskin Sales.
 14653 | D:12     | Bought 5 curare-tipped darts for 48 gold pieces
 14798 | D:13     | Reached skill level 1 in Earth Magic
 14874 | D:13     | Learned a level 4 spell: Petrify
 15038 | D:13     | Identified the +0 helmet of Dim Light {Stlth+}
 15284 | D:13     | Found Luzam's Magic Scroll Shoppe.
 15289 | D:13     | Bought a scroll of teleportation for 48 gold pieces
 15289 | D:13     | Bought a scroll of summoning for 152 gold pieces
 15289 | D:13     | Bought a scroll of fog for 64 gold pieces
 15299 | D:13     | Found a gate leading to a gauntlet.
 15308 | Gauntlet | Entered a Gauntlet
 15308 | Gauntlet | Found a transporter.
 15318 | Gauntlet | Found a transporter.
 15333 | Gauntlet | Found a transporter.
 15338 | Gauntlet | Found a transporter.
 15343 | Gauntlet | Noticed a balrug
 15355 | Gauntlet | Found a transporter.
 15373 | Gauntlet | Found a transporter.
 15385 | Gauntlet | Found a transporter.
 15393 | Gauntlet | Found a transporter.
 15393 | Gauntlet | Found a transporter.
 15410 | Gauntlet | Found a transporter.
 15422 | Gauntlet | Found a transporter.
 15428 | Gauntlet | Found a transporter.
 15428 | Gauntlet | Found a transporter.
 15443 | Gauntlet | Found a transporter.
 15460 | Gauntlet | Found a transporter.
 15483 | Gauntlet | Found a transporter.
 15511 | Gauntlet | Found a transporter.
 15511 | Gauntlet | Found a transporter.
 15591 | Gauntlet | Identified the amulet of Haniuwown {Reflect Slay+3 SH+5}
 15624 | Gauntlet | Noticed a quicksilver ooze
 15626 | Gauntlet | a quicksilver ooze changed into a great orb of eyes
 15695 | Gauntlet | Noticed a quicksilver ooze
 15695 | Gauntlet | a radroach changed into a quicksilver ooze
 15696 | Gauntlet | a quicksilver ooze changed into a bunyip
 15706 | Gauntlet | Paralysed by a jorogumo for 2 turns
 15708 | Gauntlet | Identified the ring of Nedoro {rPois Str+6}
 15720 | Gauntlet | Reached skill level 5 in Earth Magic
 15834 | Gauntlet | Identified the +8 scale mail "Ajog" {rElec rF+++ MP+9
                  | Stlth-}
 15834 | Gauntlet | Identified the ring "Raroeqyr" {rN++ Dex+3 SInv}
 16353 | D:14     | Reached XP level 15. HP: 114/146 MP: 18/25
 16367 | D:14     | Found a gate to the Vaults.
 16674 | D:14     | Found a sparkling altar of Nemelex Xobeh.
 16778 | D:14     | Noticed Azrael
 16793 | D:14     | Killed Azrael
 17229 | D:15     | Entered Level 15 of the Dungeon
 17539 | D:15     | Found a bloodstained altar of Trog.
 17911 | D:15     | Found a staircase to the Depths.
 17945 | D:15     | Reached skill level 5 in Transmutations
 18928 | D:9      | Found a staircase to the Orcish Mines.
 18997 | Orc:1    | Entered Level 1 of the Orcish Mines
 19138 | Orc:2    | Entered Level 2 of the Orcish Mines
 19156 | Orc:2    | Reached skill level 10 in Earth Magic
 19303 | Orc:2    | Found Domo's Weapon Emporium.
 19306 | Orc:2    | Found a staircase to the Elven Halls.
 19527 | Orc:2    | Noticed Rupert
 19541 | Orc:2    | Killed Rupert
 19783 | Orc:2    | Found Gewk's General Store.
 19791 | Orc:2    | Bought a wand of quicksilver (3) for 126 gold pieces
 19791 | Orc:2    | Bought a potion of invisibility for 80 gold pieces
 20378 | Orc:2    | Found Kom Lace's Book Emporium.
 20397 | Orc:2    | Noticed an orc warlord
 20409 | Orc:2    | Killed an orc warlord
 20432 | Orc:2    | Reached XP level 16. HP: 139/156 MP: 23/26
 20487 | Orc:2    | Found Hubig's Armour Shop.
 20489 | Orc:2    | Found Epsag's Antique Armour Shop.
 20507 | Orc:2    | Bought an orb of wrath for 221 gold pieces
 20519 | Orc:2    | Found Qusefa's Antique Weapon Boutique.
 20522 | Orc:2    | Paralysed by an orc sorcerer for 3 turns
 20607 | Orc:2    | Bought 4 large rocks for 30 gold pieces
 20758 | Spider:1 | Entered Level 1 of the Spider Nest
 20836 | Swamp:1  | Entered Level 1 of the Swamp
 21026 | Swamp:1  | Noticed a tentacled monstrosity
 21033 | Swamp:1  | Killed a tentacled monstrosity
 21217 | Swamp:2  | Noticed Frances
 21224 | Swamp:2  | Killed Frances
 21457 | Swamp:2  | You fall into a shaft and drop 1 floor!
 22733 | Swamp:4  | Entered Level 4 of the Swamp
 22929 | Swamp:4  | Noticed Mlioglotl
 22932 | Swamp:4  | Killed Mlioglotl
 22989 | Swamp:4  | Noticed a thorn hunter
 22992 | Swamp:4  | Noticed a thorn hunter
 23453 | Swamp:4  | Reached XP level 17. HP: 163/163 MP: 21/27
 23583 | Swamp:4  | Found a basalt altar of Yredelemnul.
 23627 | Swamp:4  | Found a blossoming altar of Fedhas.
 23682 | Swamp:4  | Got a decaying rune of Zot
 25238 | Spider:1 | Reached skill level 10 in Fighting
 25550 | Spider:1 | Reached ****** piety under Qazlal
 26081 | Spider:2 | Reached skill level 10 in Dodging
 26828 | Spider:2 | Noticed Kirke
 26836 | Spider:2 | Gained mutation: You are clumsy. (Dex -2) [mutagenic glow]
 26844 | Spider:2 | Killed Kirke
 26854 | Spider:2 | Gained mutation: Armour fits poorly on your strangely
                  | shaped body. [mutagenic glow]
 27469 | Spider:3 | Noticed Arachne
 27473 | Spider:3 | Reached skill level 15 in Invocations
 27572 | Spider:3 | Noticed Aizul
 27581 | Spider:3 | Killed Aizul
 27588 | Spider:3 | Reached XP level 18. HP: 179/179 MP: 24/28
 27734 | Spider:3 | Identified Roxanne's Textbook on Geology
 27734 | Spider:3 | Noticed Roxanne
 27747 | Spider:3 | Killed Roxanne
 28025 | Spider:3 | Killed Arachne
 28085 | Spider:3 | Learned a level 3 spell: Stone Arrow
 28756 | Spider:4 | Entered Level 4 of the Spider Nest
 29119 | Spider:4 | Noticed Mara
 29123 | Spider:4 | Killed Mara
 29124 | Spider:4 | Reached skill level 10 in Transmutations
 29355 | Spider:4 | Found a transporter.
 29375 | Spider:4 | Noticed iguanaiguana's ghost (adept DjAM)
 29413 | Spider:4 | Found a transporter.
 29877 | Spider:4 | Got a gossamer rune of Zot
 30228 | Vaults:1 | Entered Level 1 of the Vaults
 30592 | Vaults:1 | Reached XP level 19. HP: 147/185 MP: 29/29
 31046 | Vaults:1 | Found a radiant altar of Vehumet.
 31075 | Vaults:1 | Identified the +4 robe "Imuet" {Will- Str+5}
 31080 | Vaults:1 | Identified the +1 robe of Messut {Harm Regen+}
 31183 | Vaults:1 | Identified the +2 glaive of Nesk {drain, Will+}
 31191 | Vaults:1 | Reached skill level 15 in Unarmed Combat
 31667 | Vaults:2 | Noticed an ancient lich
 31702 | Vaults:2 | Killed an ancient lich
 31884 | Vaults:2 | Noticed Margery
 31900 | Vaults:2 | Killed Margery
 32003 | Vaults:2 | Reached skill level 16 in Invocations
 32274 | Vaults:2 | Noticed Bai Suzhen
 32288 | Vaults:2 | Killed Bai Suzhen
 32414 | Vaults:2 | Found a staircase to the Crypt.
 32556 | Vaults:2 | Identified the +0 hat of Sapiadej {rCorr Str-4 Dex+6}
 33101 | Vaults:3 | Reached XP level 20. HP: 195/195 MP: 28/31
 33131 | Vaults:3 | Reached skill level 17 in Invocations
 34504 | Vaults:4 | Reached skill level 18 in Invocations
 34906 | Vaults:4 | Gained mutation: You sometimes lose your temper in combat.
                  | [mutagenic glow]
 34918 | Vaults:4 | Gained mutation: Your flesh is heat resistant. (rF+)
                  | [mutagenic glow]
 34931 | Vaults:4 | Gained mutation: You are dopey. (Int -2) [mutagenic glow]
 34938 | Vaults:4 | Gained mutation: Potions are less effective at restoring
                  | your health. [mutagenic glow]
 35008 | Vaults:4 | Lost mutation: Potions are less effective at restoring your
                  | health. [potion of mutation]
 35008 | Vaults:4 | Lost mutation: You are clumsy. (Dex -2) [potion of
                  | mutation]
 35008 | Vaults:4 | Lost mutation: Your flesh is heat resistant. (rF+) [potion
                  | of mutation]
 35008 | Vaults:4 | Gained mutation: You have a pair of small antennae on your
                  | head. [potion of mutation]
 35008 | Vaults:4 | Gained mutation: You are strong-willed. (Will+) [potion of
                  | mutation]
 35008 | Vaults:4 | Gained mutation: Your flesh is cold resistant. (rC+)
                  | [potion of mutation]
 35009 | Vaults:4 | Lost mutation: You are strong-willed. (Will+) [potion of
                  | mutation]
 35009 | Vaults:4 | Lost mutation: Armour fits poorly on your strangely shaped
                  | body. [potion of mutation]
 35009 | Vaults:4 | Lost mutation: You are dopey. (Int -2) [potion of mutation]
 35009 | Vaults:4 | Gained mutation: Your flesh is very cold resistant. (rC++)
                  | [potion of mutation]
 35244 | Vaults:4 | Reached XP level 21. HP: 202/202 MP: 26/33
 35384 | Vaults:4 | Found Bafanefid's Jewellery Shoppe.
 35405 | Vaults:4 | Found Takuw's Antique Weapon Boutique.
 35496 | Vaults:4 | Found Sysk's General Store.
 35570 | Vaults:4 | Found Fyhaugh's Armour Boutique.
 35910 | Vaults:4 | Upgraded the game from 0.29.0-5-ge4962eb29e to
                  | 0.29.0-7-g18a832c13a
 35948 | Vaults:5 | Entered Level 5 of the Vaults
 36027 | Abyss:2  | Cast into level 2 of the Abyss (a deep elf sorcerer)
 36302 | Abyss:2  | Noticed a profane servitor
 36314 | Abyss:2  | Killed a profane servitor
 36386 | Vaults:5 | Escaped the Abyss
 36389 | Vaults:5 | Reached skill level 15 in Earth Magic
 36535 | Vaults:5 | Got a silver rune of Zot
 36579 | Vaults:5 | Identified the +4 leather armour of Lust {+Blink rN+}
 36669 | Vaults:5 | Noticed Saint Roka
 36678 | Vaults:5 | Killed Saint Roka
 36817 | Vaults:5 | Identified the +6 morningstar "Xielu" {chaos, Fly rElec
                  | Stlth+}
 36822 | Vaults:5 | Identified the +1 great sword of Invincibility {flame, Fly
                  | rC+ Int-4}
 36835 | Vaults:5 | Got the Encyclopedia of Blasphemous Liturgies and
                  | Production
 36845 | Vaults:5 | Identified a scroll of acquirement
 36857 | Vaults:5 | Acquired the Teachings on the Rocks and Attacks
 36862 | Vaults:5 | Learned a level 2 spell: Passwall
 36868 | Vaults:5 | Learned a level 5 spell: Lee's Rapid Deconstruction
 36915 | Vaults:5 | Noticed a golden dragon
 36935 | Vaults:5 | Killed a golden dragon
 37002 | Vaults:5 | Noticed a golden dragon
 37011 | Vaults:5 | Killed a golden dragon
 37036 | Vaults:5 | Reached XP level 22. HP: 217/217 MP: 13/34
 37247 | Vaults:5 | Noticed Frederick
 37259 | Vaults:5 | Killed Frederick
 37327 | Vaults:5 | Noticed an ancient lich
 37334 | Vaults:5 | Killed an ancient lich
 37519 | Vaults:5 | Noticed a golden dragon
 37523 | Vaults:5 | Killed a golden dragon
 37533 | Vaults:5 | Noticed a golden dragon
 37542 | Vaults:5 | Killed a golden dragon
 37623 | Vaults:5 | Got Gloorx Vloq's Disquisition on Misery
 37667 | Vaults:5 | Noticed Mennas
 37671 | Vaults:5 | Noticed an ancient lich
 37680 | Vaults:5 | Killed an ancient lich
 37694 | Vaults:5 | Killed Mennas
 37775 | Vaults:5 | Identified the +9 quarterstaff of Propriety {speed, rF++
                  | Str+5}
 37775 | Vaults:5 | Identified the ring of the Empty Page {rPois rF+ rN+ MP+9
                  | Dex+3}
 37799 | Vaults:5 | Identified the +3 arbalest of Sebad {elec, rElec rN+++
                  | Int-2 Stlth+}
 37958 | Vaults:5 | Identified the +4 arbalest of Uhidgh Weuf {elec, rF- rC++}
 38085 | Vaults:5 | Identified the +5 whip "Ownaat Ziqi" {vorpal, Int+6 Dex-5}
 38609 | Vaults:4 | Bought a ring of resist corrosion for 280 gold pieces
 38691 | Vaults:5 | Acquired the amulet "Xurchomu" {Faith rCorr Str+4 Int+5
                  | Dex-4}
 39051 | Elf:1    | Entered Level 1 of the Elven Halls
 39137 | Elf:1    | Found Jiureite's Distillery.
 39143 | Elf:1    | Bought a potion of heal wounds for 80 gold pieces
 39143 | Elf:1    | Bought a potion of invisibility for 128 gold pieces
 39143 | Elf:1    | Bought 2 potions of invisibility for 256 gold pieces
 39143 | Elf:1    | Bought a potion of cancellation for 128 gold pieces
 39214 | Elf:1    | Found Vuzoon's Vocational Training.
 39223 | Elf:1    | Bought a manual of Invocations for 1440 gold pieces
 39276 | Elf:1    | Got the Commentary on Combat Magic
 39558 | Elf:1    | Reached skill level 19 in Invocations
 39602 | Elf:1    | Found a shimmering blue altar of Sif Muna.
 39790 | Elf:2    | Found Tuebeots's Weapon Shop.
 40152 | Elf:2    | Reached skill level 20 in Invocations
 40440 | Elf:2    | Found a large runed translucent door.
 40440 | Elf:2    | Found a large runed translucent door.
 40464 | Elf:2    | Found a large runed translucent door.
 40464 | Elf:2    | Found a large runed translucent door.
 40669 | Elf:3    | Entered Level 3 of the Elven Halls
 41241 | Elf:3    | Reached skill level 21 in Invocations
 41281 | Elf:3    | Identified the +2 plate armour "Piapen" {Fly rPois rC+
                  | Str-2}
 41294 | Elf:3    | Identified the +7 war axe "Uregeiq" {vorpal, Dex+2}
 41313 | Elf:3    | Reached XP level 23. HP: 230/230 MP: 29/36
 41498 | Elf:3    | Reached skill level 22 in Invocations
 41634 | Elf:3    | Identified the +0 robe "Seasu" {rPois rN+}
 41720 | Elf:3    | Identified the ring "Toowisax" {rF++ rC+ rN+ Str+3 Int+2}
 42078 | Slime:1  | Entered Level 1 of the Pits of Slime
 42212 | Slime:1  | Gained mutation: You are clumsy. (Dex -2) [a shining eye]
 43320 | Slime:5  | Entered Level 5 of the Pits of Slime
 43322 | Slime:5  | Paralysed by a floating eye for 3 turns
 43345 | Slime:5  | Noticed the Royal Jelly
 43395 | Slime:5  | Killed the Royal Jelly
 43397 | Slime:5  | Reached skill level 15 in Fighting
 43486 | Slime:5  | Acquired 508 gold pieces
 43498 | Slime:5  | Identified the ring "Letuaddi" {rElec rN+}
 43507 | Slime:5  | Identified the +7 dagger of Frustration {venom, Fragile rF-
                  | Str+7 Stlth+}
 43508 | Slime:5  | Identified the ring of Ifiveriyg {Fly Stlth+}
 43537 | Slime:5  | Got a slimy rune of Zot
 43540 | Slime:5  | Gained mutation: Your magical capacity is low. (-10% MP) [a
                  | shining eye]
 43541 | Slime:5  | Identified the +9 morningstar of the Hurtling Gods {spect,
                  | Dex+2}
 43578 | Slime:5  | Identified the +5 scale mail of the Blind Marksman {Harm
                  | rElec Will- MP+9}
 43595 | Slime:5  | Gained mutation: Your body sometimes deteriorates upon
                  | taking damage. [a shining eye]
 43630 | Slime:5  | Lost mutation: You sometimes lose your temper in combat.
                  | [potion of mutation]
 43630 | Slime:5  | Lost mutation: You have a pair of small antennae on your
                  | head. [potion of mutation]
 43630 | Slime:5  | Gained mutation: Your mind is acute. (Int +4, Str/Dex -1)
                  | [potion of mutation]
 43630 | Slime:5  | Gained mutation: You are partially covered in large bone
                  | plates. (SH +4) [potion of mutation]
 43761 | Slime:4  | Lost mutation: Your mind is acute. (Int +4, Str/Dex -1) [a
                  | shining eye]
 43830 | Slime:3  | Lost mutation: Your body sometimes deteriorates upon taking
                  | damage. [potion of mutation]
 43830 | Slime:3  | Lost mutation: Your flesh is very cold resistant. (rC++)
                  | [potion of mutation]
 43830 | Slime:3  | Gained mutation: A frigid envelope surrounds you and
                  | freezes all who hurt you. [potion of mutation]
 43830 | Slime:3  | Lost mutation: Your flesh is cold resistant. (rC+) [potion
                  | of mutation]
 44126 | Depths:1 | Entered Level 1 of the Depths
 44140 | Depths:1 | Found Xedghab's Antique Weapon Shoppe.
 44140 | Depths:1 | Found Ymimanuc's Assorted Antiques.
 44168 | Depths:1 | Bought a potion of haste for 320 gold pieces
 44168 | Depths:1 | Bought a potion of cancellation for 256 gold pieces
 44375 | Depths:1 | Reached XP level 24. HP: 244/244 MP: 7/33
 44520 | Depths:1 | Found a gateway to Hell.
 45090 | Depths:2 | You fall into a shaft and drop 2 floors!
 45090 | Depths:4 | Entered Level 4 of the Depths
 45319 | Depths:4 | Found a large runed translucent door.
 45319 | Depths:4 | Found a large runed translucent door.
 45321 | Depths:4 | Noticed strangelove's ghost (master GrEE)
 45410 | Depths:4 | Found a gate to the Realm of Zot.
 45549 | Depths:4 | Reached skill level 15 in Dodging
 45601 | Depths:3 | Noticed a dread lich
 45831 | Depths:3 | Noticed a juggernaut
 45835 | Depths:3 | Killed a juggernaut
 45985 | Depths:3 | Identified the +0 scale mail of Hubris {Dex+8}
 45986 | Depths:3 | Acquired 750 gold pieces
 46145 | Depths:3 | Identified the +1 spear of Voystruw {vamp, rN+ MP+9 Str+4}
 46275 | Depths:2 | Reached skill level 23 in Invocations
 46467 | Depths:2 | Reached XP level 25. HP: 256/256 MP: 33/33
 46516 | Depths:2 | Found a stormy altar of Qazlal.
 46553 | Depths:2 | Identified the +9 plate armour of Autotheism {+Blink Int+3}
 46953 | Depths:2 | Found a one-way gate leading to the halls of Pandemonium.
 47610 | Depths:3 | Found a runed translucent door.
 47611 | Depths:3 | Noticed a juggernaut
 47658 | Depths:3 | Found a shadowy altar of Dithmenos.
 47711 | Depths:3 | Found a one-way gate to the infinite horrors of the Abyss.
 47943 | Depths:3 | Learned a level 7 spell: Dragon Form
 48494 | Depths:2 | Zerkas: qaz pog
 48494 | Depths:2 | RBrandon: Yes
 48494 | Depths:2 | RBrandon: Bout to take qaz into extendo
 48744 | Elf:1    | Bought a manual of Evocations for 1440 gold pieces
 48993 | Depths:2 | Zerkas: lets go!
 48996 | Pan      | Entered Pandemonium
 49034 | Pan      | Zerkas: are you going for a mani combo?
 49036 | Pan      | Zerkas: also
 49036 | Pan      | Zerkas: ....
 49036 | Pan      | RBrandon: Not aiming for manass at the moment don't think i
                  | have it
 49039 | Pan      | Zerkas: ah rip
 49094 | Pan      | Acquired 735 gold pieces
 49096 | Pan      | Acquired 1015 gold pieces
 49098 | Pan      | Acquired 507 gold pieces
 49224 | Pan      | Noticed Pyjog the pandemonium lord
 49225 | Pan      | Zerkas: fun spawn
 49226 | Pan      | Killed Pyjog the pandemonium lord
 49251 | Pan      | Identified the +6 scimitar "Death Rattle" {flame, rPois
                  | rC+++}
 49262 | Pan      | Noticed Loibehan the pandemonium lord
 49272 | Pan      | Killed Loibehan the pandemonium lord
 49336 | Pan      | Got a demonic rune of Zot
 49574 | Pan      | Noticed Roadi the pandemonium lord
 49585 | Pan      | Killed Roadi the pandemonium lord
 49612 | Pan      | Found an exit through the horrors of the Abyss.
 49903 | Pan      | Noticed Monk the pandemonium lord
 49910 | Pan      | Killed Monk the pandemonium lord
 50109 | Pan      | Found an exit through the horrors of the Abyss.
 50186 | Pan      | Identified the ring of Xom's Capriciousness {rPois Will+
                  | Str+6 Slay+3}
 50196 | Pan      | Reached skill level 15 in Transmutations
 50281 | Pan      | Entered the realm of Lom Lobon.
 50460 | Pan      | Reached XP level 26. HP: 266/266 MP: 33/33
 50507 | Pan      | ::I am concerned for this fight
 50890 | Pan      | Reached skill level 10 in Evocations
 51168 | Pan      | Noticed Lom Lobon
 51189 | Pan      | Killed Lom Lobon
 51204 | Pan      | Got a magical rune of Zot
 51376 | Pan      | Entered the realm of Cerebov.
 51738 | Pan      | Identified the +3 great sword of Oenomania {venom, *Rage
                  | Str+9}
 51758 | Pan      | Found the +6 sword of Cerebov {flame}
 51758 | Pan      | Noticed Cerebov
 51778 | Pan      | Killed Cerebov
 51855 | Pan      | Learned a level 5 spell: Irradiate
 51929 | Pan      | Got a fiery rune of Zot
 51990 | Pan      | Entered the realm of Mnoleg.
 52059 | Pan      | Paralysed by a floating eye for 3 turns
 52081 | Pan      | Noticed Mnoleg
 52095 | Pan      | Killed Mnoleg
 52227 | Pan      | Gained mutation: You are very clumsy. (Dex -4) [a shining
                  | eye]
 52253 | Pan      | Gained mutation: Your spells are a little easier to cast,
                  | but a little less powerful. [a neqoxec]
 52255 | Pan      | Lost mutation: You are very clumsy. (Dex -4) [potion of
                  | mutation]
 52255 | Pan      | Lost mutation: A frigid envelope surrounds you and freezes
                  | all who hurt you. [potion of mutation]
 52255 | Pan      | Gained mutation: You expend magic power (3 MP) to
                  | strengthen your wands. [potion of mutation]
 52255 | Pan      | Gained mutation: You are partially covered in iridescent
                  | scales. (AC +2) [potion of mutation]
 52255 | Pan      | Gained mutation: You occasionally lose the ability to drink
                  | potions when taking damage. [potion of mutation]
 52255 | Pan      | Gained mutation: You have large cloven feet. [potion of
                  | mutation]
 52256 | Pan      | Lost mutation: Your spells are a little easier to cast, but
                  | a little less powerful. [potion of mutation]
 52256 | Pan      | Lost mutation: You are partially covered in iridescent
                  | scales. (AC +2) [potion of mutation]
 52256 | Pan      | Lost mutation: You expend magic power (3 MP) to strengthen
                  | your wands. [potion of mutation]
 52256 | Pan      | Gained mutation: You occasionally lose the ability to read
                  | scrolls when taking damage. [potion of mutation]
 52256 | Pan      | Gained mutation: You expend magic power (3 MP) to
                  | strengthen your wands. [potion of mutation]
 52256 | Pan      | Gained mutation: Your spells are a little harder to cast,
                  | but a little more powerful. [potion of mutation]
 52257 | Pan      | Lost mutation: You occasionally lose the ability to read
                  | scrolls when taking damage. [potion of mutation]
 52257 | Pan      | Lost mutation: Your spells are a little harder to cast, but
                  | a little more powerful. [potion of mutation]
 52257 | Pan      | Lost mutation: You occasionally lose the ability to drink
                  | potions when taking damage. [potion of mutation]
 52257 | Pan      | Gained mutation: Your body sometimes deteriorates upon
                  | taking damage. [potion of mutation]
 52257 | Pan      | Lost mutation: You expend magic power (3 MP) to strengthen
                  | your wands. [potion of mutation]
 52257 | Pan      | Gained mutation: You are very clumsy. (Dex -4) [potion of
                  | mutation]
 52257 | Pan      | Gained mutation: Your muscles are strong. (Str +4, Int/Dex
                  | -1) [potion of mutation]
 52259 | Pan      | Lost mutation: You are very clumsy. (Dex -4) [potion of
                  | mutation]
 52259 | Pan      | Lost mutation: You are partially covered in large bone
                  | plates. (SH +4) [potion of mutation]
 52259 | Pan      | Gained mutation: You are robust. (+10% HP) [potion of
                  | mutation]
 52259 | Pan      | Gained mutation: Your spells are a little harder to cast,
                  | but a little more powerful. [potion of mutation]
 52379 | Pan      | Got a glowing rune of Zot
 52556 | Pan      | Gained mutation: You are very clumsy. (Dex -4) [a
                  | cacodemon]
 52838 | Pan      | Entered the realm of Gloorx Vloq.
 53507 | Pan      | Reached XP level 27. HP: 261/312 MP: 28/33
 53659 | Pan      | Noticed Gloorx Vloq
 53675 | Pan      | Killed Gloorx Vloq
 53691 | Pan      | Got a dark rune of Zot
 53906 | Pan      | Noticed Ewajux the pandemonium lord
 53917 | Pan      | Killed Ewajux the pandemonium lord
 54100 | Depths:2 | Escaped Pandemonium
 54179 | Depths:3 | Voluntarily entered the Abyss.
 54264 | Abyss:2  | Paralysed by accursed screaming for 1 turns
 54417 | Abyss:2  | Noticed a dread lich
 54423 | Abyss:2  | Killed a dread lich
 54588 | Depths:3 | Escaped the Abyss
 54674 | Depths:3 | Voluntarily entered the Abyss.
 54694 | Abyss:2  | Found a radiant altar of Vehumet.
 54734 | Depths:3 | Escaped the Abyss
 54753 | Depths:3 | Voluntarily entered the Abyss.
 54862 | Abyss:3  | Reached skill level 24 in Invocations
 55117 | Depths:3 | Escaped the Abyss
 55121 | Depths:3 | Voluntarily entered the Abyss.
 55156 | Abyss:3  | Found a corrupted altar of Lugonu.
 55156 | Abyss:3  | Found a corrupted altar of Lugonu.
 55284 | Depths:3 | Escaped the Abyss
 55286 | Depths:3 | Voluntarily entered the Abyss.
 55433 | Abyss:3  | Gained mutation: Your body often deteriorates upon taking
                  | damage. [a cacodemon]
 55536 | Abyss:3  | Found a shimmering blue altar of Sif Muna.
 55542 | Abyss:3  | Found a shimmering blue altar of Sif Muna.
 55542 | Abyss:3  | Found a shimmering blue altar of Sif Muna.
 55722 | Depths:3 | Escaped the Abyss
 55795 | Depths:3 | Voluntarily entered the Abyss.
 55933 | Abyss:3  | Gained mutation: Your magical capacity is very low. (-20%
                  | MP) [a shining eye]
 56020 | Depths:3 | Escaped the Abyss
 56033 | Depths:3 | Upgraded the game from 0.29.0-7-g18a832c13a to
                  | 0.29.0-10-g45618ea6d2
 56044 | Hell     | Entered the Vestibule of Hell
 56044 | Hell     | Noticed Geryon
 56062 | Hell     | Killed Geryon
 56065 | Hell     | Reached skill level 5 in Spellcasting
 56112 | Hell     | Found a gateway to the freezing wastes of Cocytus.
 56399 | Hell     | Found a gateway to the Iron City of Dis.
 56515 | Hell     | Found a gateway to the decaying netherworld of Tartarus.
 56548 | Hell     | Found a gateway to the ashen valley of Gehenna.
 56575 | Geh:1    | Entered Level 1 of Gehenna
 57169 | Geh:3    | You are sucked into a shaft and drop 3 floors!
 57215 | Geh:6    | Reached skill level 10 in Spellcasting
 57363 | Geh:7    | Entered Level 7 of Gehenna
 57702 | Geh:7    | Reached skill level 25 in Invocations
 58186 | Geh:7    | Identified the ring "Serphagg" {rC+ rN+ Int+6 Dex+4}
 58269 | Geh:7    | Identified the +7 long sword of Dishonour {speed, Will+
                  | MP+9 Int-4 Dex+3}
 58280 | Geh:7    | Found the +7 sceptre of Asmodeus
 58280 | Geh:7    | Noticed Asmodeus
 58291 | Geh:7    | Killed Asmodeus
 58304 | Geh:7    | Found the necklace of Bloodlust {*Rage Will++ Int-3 Slay+6}
 58330 | Geh:7    | Got an obsidian rune of Zot
 58337 | Geh:7    | Learned a level 5 spell: Yara's Violent Unravelling
 58458 | Tar:1    | Entered Level 1 of Tartarus
 59047 | Tar:6    | Lost mutation: You are very clumsy. (Dex -4) [potion of
                  | mutation]
 59047 | Tar:6    | Lost mutation: You have large cloven feet. [potion of
                  | mutation]
 59047 | Tar:6    | Gained mutation: You have sharp toenails. [potion of
                  | mutation]
 59047 | Tar:6    | Gained mutation: Your mind is acute. (Int +4, Str/Dex -1)
                  | [potion of mutation]
 59054 | Tar:6    | Learned a level 5 spell: Borgnjor's Vile Clutch
 59072 | Tar:6    | Noticed an ancient lich
 59072 | Tar:6    | Noticed an ancient lich
 59072 | Tar:6    | Noticed a dread lich
 59072 | Tar:6    | Noticed a dread lich
 59072 | Tar:6    | Noticed a dread lich
 59074 | Tar:6    | Killed an ancient lich
 59074 | Tar:6    | Noticed a dread lich
 59076 | Tar:6    | Killed a dread lich
 59078 | Tar:6    | Noticed an ancient lich
 59080 | Tar:6    | Killed an ancient lich
 59081 | Tar:6    | Killed an ancient lich
 59083 | Tar:6    | Noticed a dread lich
 59090 | Tar:6    | Killed a dread lich
 59093 | Tar:6    | Killed a dread lich
 59094 | Tar:6    | Killed a dread lich
 59103 | Tar:6    | Killed a dread lich
 59198 | Tar:7    | Entered Level 7 of Tartarus
 59327 | Tar:7    | Noticed a dread lich
 59329 | Tar:7    | Noticed a dread lich
 59333 | Tar:7    | Killed a dread lich
 59333 | Tar:7    | Paralysed by a dread lich for 5 turns
 59339 | Tar:7    | Killed a dread lich
 59465 | Tar:7    | Noticed Ereshkigal
 59472 | Tar:7    | Killed Ereshkigal
 59676 | Tar:7    | Got a bone rune of Zot
 59741 | Coc:1    | Entered Level 1 of Cocytus
 59791 | Coc:1    | Paralysed by a wendigo for 1 turns
 59841 | Coc:2    | Reached skill level 26 in Invocations
 59919 | Coc:3    | Noticed an ancient lich
 59931 | Coc:3    | Killed an ancient lich
 60145 | Coc:5    | You fall into a shaft and drop 1 floor!
 60148 | Coc:7    | Entered Level 7 of Cocytus
 60151 | Coc:7    | Paralysed by a wendigo for 1 turns
 60401 | Coc:7    | Noticed the Serpent of Hell
 60420 | Coc:7    | Killed the Serpent of Hell
 60421 | Coc:7    | Reached skill level 27 in Invocations
 60505 | Coc:7    | Paralysed by a wendigo for 1 turns
 60737 | Coc:7    | Paralysed by a wendigo for 1 turns
 60875 | Coc:7    | Paralysed by a wendigo for 1 turns
 60884 | Coc:7    | Paralysed by a wendigo for 1 turns
 60889 | Coc:7    | Paralysed by a wendigo for 1 turns
 61305 | Coc:7    | Identified the +7 lajatang "Zuixzim" {flame, Fragile Will-
                  | Dex+9 Stlth+}
 61305 | Coc:7    | Noticed Antaeus
 61332 | Coc:7    | Killed Antaeus
 61726 | Coc:7    | Learned a level 9 spell: Shatter
 61798 | Coc:7    | Got an icy rune of Zot
 61913 | Dis:1    | Entered Level 1 of the Iron City of Dis
 62151 | Dis:2    | HP: 13/300 [iron giant/war gargoyle (21)]
 62151 | Dis:2    | Demolished by a war gargoyle

Illustrated notes

**~~~~~~~~~~~~~~~~,,,,~~~~~~***
**~~~~~~~~~~~~~~,,,,≈,,,~~~~~*
***~~~~~~~~~~~,,,,...,,,~~~~~
***~~~~~~~~~,,,....,,,,,~~~
###*########.....###****# #.#
#...°............# ## #.#
#...§.....p......###. #.#
#.##.########.?......
##(###.##@# #........
#.........# #........
##.########### #........
#............######...)###.
#...∩......................
#..........................
#.................)........
#....................[.....
#....?.....................


Turn 50507 on Pan: I am concerned for this fight

Levels and vault maps discovered:
D:1:      dpeg_chamrin_arrival_tetris, layout_basic,
          ebering_ecumenical_altar_hall
D:2:      layout_loops_ring, basic_altar, serial_shops, nicolae_shop_stone,
          kennysheep_jessica_study
D:3:      layout_rooms, nicolae_overflow_two_pavilions, minmay_box_of_dots,
          uniq_terence
D:4:      layout_loops_cross, minmay_temple_entry_tees, serial_shops,
          nicolae_take_the_stairs, uniq_duvessa
D:5:      layout_layer_cave, eat_drink_and_be_merry_uskayaw, serial_shops,
          kennysheep_mini
D:6:      layout_rooms, minmay_misc_feat_five, minmay_misc_feat_chi,
          minmay_misc_feat_cross, uniq_menkaure
D:7:      layout_loops_ring, enter_bailey_3, minmay_hollow_rounded_squares,
          uniq_joseph
D:8:      layout_basic, nicolae_overflow_crystal_walls,
          nicolae_fountain_basement
D:9:      layout_long_grid, mainiacjoe_overflow_alcove_4,
          minmay_lair_entry_grove, orc_0_dummy
D:10:     layout_long_grid
D:11:     layout_long_grid
D:12:     minmay_the_grid_triangle_9x9_recursive_2_mashed
          [minmay_the_grid_triangle_9x9_prize_top_heavy,
          minmay_the_grid_triangle_9x9_odd_lines,
          minmay_the_grid_triangle_9x9_shrine,
          minmay_the_grid_triangle_9x9_longest], layout_basic, serial_demonic,
          serial_demonic_c, serial_demonic_f, serial_demonic_b,
          serial_demonic_a, guppyfry_shop_venom, uniq_jorgrun
D:13:     layout_basic, gauntlet_entry_generic, serial_shops,
          nicolae_square_shop
D:14:     layout_loops_corners, erik_vaults_2, nemelex_diamond_rough_becter,
          uniq_azrael
D:15:     gammafunk_depths_entry_grave, layout_gridville,
          trog_three_pillars_becter, drop_trap, serial_bayou_pond_e,
          fountainhead
Temple:   minmay_temple_bridge_d
Lair:1:   layout_hall_layers, roderic_batcave
Lair:2:   layout_cave_pods, special_room [special_room_bee],
          serial_bayou_shore_b, infiniplex_staircase_pool
Lair:3:   onia_ninara_swampy_vault, layout_misc_corridors,
          minmay_swamp_entry_reptiles, spider_nest_entry_funnel_web,
          lemuel_fruit_fields
Lair:4:   beast_lair_carwin_large_3, layout_big_grid, dreamdust_gnoll_shepherd
Lair:5:   due_jungle_book, layout_regular_city, slime_entry_2
Swamp:1:  nicolae_swamp_long_stream, layout_basic_swamp,
          evilmike_swamp_ruin_house_3, swamp_pool1, hangedman_swamp_wriggling
Swamp:2:  layout_basic_swamp, hangedman_swamp_ruin_hall, uniq_frances
Swamp:3:  nicolae_swamp_ascending_descending_big, layout_basic_swamp,
          evilmike_swamp_ruin_house_5, swamp_pool1
Swamp:4:  byrel_swamp_growth_death_and_undeath, layout_basic_swamp, swamp_pool4,
          hangedman_swamp_cone, uniq_mlioglotl
Spider:1: layout_spider_delve, portal_ice_cave_entry_dragon,
          spiders_nest_spider_trap
Spider:2: layout_spider_delve, uniq_kirke
Spider:3: layout_chambers, drop_trap, nicolae_arachne_temple, uniq_roxanne,
          uniq_aizul
Spider:4: grunt_spider_rune_circles, gammafunk_ghost_berserking_beasts,
          spiders_nest_hornet_nest, uniq_mara
Slime:1:  layout_caves
Slime:2:  layout_caves
Slime:3:  layout_caves
Slime:4:  layout_caves, cheibrodos_slime_lost_civilization_5
Slime:5
Orc:1:    layout_caves, basic_altar
Orc:2:    hellmonk_orc_salted, layout_caves, serial_shops, shop,
          guppyfry_orc_lava_fort, uniq_rupert
Elf:1:    layout_geoelf_diagonals, basic_altar, serial_shops, shop,
          minmay_elf_annihilation, nicolae_shop_vocational,
          roderic_lattice_octagonal_star
Elf:2:    elven_hall_of_blades_hangedman_alternative
          [nicolae_blade_entry_splitting_headache], layout_loops_corners,
          serial_shops, shop
Elf:3:    minmay_elf_hall_four_x, layout_loops_cross, serial_shops, shop,
          grunt_ministairs_8
Vaults:1: grunt_tower_of_power, v_misc_15, v_misc_28,
          ontoclasm_vaults_ring_small, nicolae_vaults_three_branches,
          hangedman_vaults_nails, v_pattern_1, layout_vaults_ring
Vaults:2: nicolae_vaults_network_barrier, minmay_crypt_entry_simple_plaza,
          hangedman_vaults_pinch, st_hourglassy, hangedman_vaults_corner_blocks,
          v_misc_29, ontoclasm_vaults_decontamination, v_misc_13,
          grunt_vaults_hallway_long, vaults_room_hallway,
          layout_vaults_big_room, uniq_margery, uniq_bai_suzhen
Vaults:3: grunt_vaults_swirl, nicolae_vaults_specimen_jars, v_rooms_3,
          nicolae_vaults_little_squares_4, v_pattern_5, layout_vaults_quadrants
Vaults:4: v_pattern_3, nicolae_vaults_statue_guard, ontoclasm_vaults_gateway,
          vaults_dpeg_spiral, nicolae_vaults_little_ls, ontoclasm_vaults_eye,
          nicolae_vaults_arrows, hangedman_vaults_stream, vaults_dpeg_ring,
          v_rooms_5, vaults_room_stairs_pillars, hangedman_vaults_impose,
          hangedman_vaults_nails, layout_vaults_maze, serial_shops,
          shop_fountains, nicolae_shop_advertising_works
          [nicolae_subvault_shop_adworks], nicolae_square_shop,
          nicolae_diamond_shop
Vaults:5: uniq_saint_roka, uniq_mennas, uniq_frederick
Depths:1: layout_roguey, grunt_metal_band, grunt_decor_fettered,
          minmay_metal_thing, serial_bayou_shore_a, minmay_shoptagon
Depths:2: nzn_winding_woodlands_large [nzn_winding_woodlands_5x5_perimeter,
          nzn_winding_woodlands_5x15_eye, nzn_winding_woodlands_5x5_default,
          nzn_winding_woodlands_center_diamonds,
          nzn_winding_woodlands_15x15_thick_spiral,
          nzn_winding_woodlands_center_garden,
          nzn_winding_woodlands_5x5_closed_star,
          nzn_winding_woodlands_5x15_crooked, nzn_winding_woodlands_5x5_cross],
          layout_honeycomb, nicolae_qazlal_general_emergency, hell_entry,
          grunt_pan_entry_zigzag, minmay_staircase_windowed_large
Depths:3: hangedman_cross_veins, layout_cave_shapes, enter_ziggurat_c,
          nicolae_dithmenos_shadow_blocks, hell_entry, abyss_entry,
          minmay_st_funbox, infiniplex_staircase_x
Depths:4: grunt_zot_entry_tricorne, layout_cave_pools, lemuel_tele_altar,
          serial_bayou, serial_bayou_pond_b, serial_bayou_pond_e,
          serial_bayou_lake_a, serial_bayou_pond_d, hell_entry,
          ebering_ghost_disaster_area
Hell
Dis:1:    layout_subdivisions
Dis:2:    grunt_dis_stairs_iron_hall
Geh:1:    nicolae_geh_tyrants_menagerie, layout_gehenna_lava_caves
Geh:2:    layout_gehenna_lava_caves
Geh:3:    layout_gehenna_pools_basic, gehenna_fire_generator,
          nicolae_geh_isolated_escape
Geh:6:    layout_gehenna_pools_box
Geh:7:    geh_mu
Coc:1:    layout_ice_bergs
Coc:2:    layout_cocytus_water_paths
Coc:3:    layout_ice_bergs
Coc:4:    layout_ice_bergs
Coc:5:    layout_cocytus_water_paths
Coc:6:    layout_cocytus_delve, serial_ice, serial_ice_e, serial_ice_a,
          serial_ice_o, nicolae_hells_hurtin_island
Coc:7:    coc_grunt_cove [coc_grunt_cove_antaeus, coc_grunt_cove_fiend,
          coc_grunt_cove_fiend, coc_grunt_cove_fiend, coc_grunt_cove_fiend]
Tar:1:    minmay_shadows, layout_grid_maze, nicolae_tar_cuneiform_to_be
Tar:2:    layout_grid_maze
Tar:3:    layout_grid_maze
Tar:4:    layout_honeycomb
Tar:5:    layout_grid_maze
Tar:6:    layout_cathedral_of_symmetry, nicolae_hells_leichenhalle
Tar:7:    tar_grunt_cathedral

Skill      XL: |  1  2  3  4  5  6  7  8  9 10 11 12 13 14 15 16 17 18 19 20 21 22 23 24 25 26 27 |
---------------+----------------------------------------------------------------------------------+-----
Fighting       | 1 2 3 4 5 6 7 9 11 12 13 15 16 18 21 | 21.6
Unarmed Combat | 4 5 6 7 9 11 12 13 14 16 18 19 20 21 | 21.8
Invocations    | 1 3 5 6 7 8 11 13 14 15 16 18 21 22 23 27 | 27.0
Transmutations | 2 3 7 8 10 11 15 | 15.7
Dodging        | 3 5 6 7 10 11 13 14 15 17 | 17.1
Evocations     | 1 5 9 14 | 14.1
Earth Magic    | 7 10 13 15 18 | 18.6
Spellcasting   | 2 3 12 | 12.6

Action                   |  1- 3 |  4- 6 |  7- 9 | 10-12 | 13-15 | 16-18 | 19-21 | 22-24 | 25-27 || total
-------------------------+-------+-------+-------+-------+-------+-------+-------+-------+-------++-------
Melee: Unarmed           |    84 |   183 |   235 |   481 |   834 |   796 |   936 |   963 |  2322 ||  6834
       Punch             |     1 |     7 |     6 |    22 |    73 |    80 |   128 |   138 |   351 ||   806
       Headbutt          |       |     1 |    18 |    84 |   167 |     3 |       |       |       ||   273
       Kick              |       |       |    39 |   132 |   290 |     5 |       |       |   614 ||  1080
       Tailslap          |       |       |       |       |       |       |       |       |    70 ||    70
       Bite              |       |       |       |       |       |       |       |       |    37 ||    37
Throw: Dart              |       |       |       |       |     1 |       |       |       |     1 ||     2
 Cast: Beastly Appendage |     1 |     1 |    22 |    45 |    86 |     2 |       |       |       ||   157
       Wereblood         |       |       |    10 |    24 |    49 |    45 |    38 |    37 |    52 ||   255
       Petrify           |       |       |       |       |    12 |    15 |     1 |     1 |     7 ||    36
       Statue Form       |       |       |       |       |     1 |    74 |    52 |    54 |   114 ||   295
       Stone Arrow       |       |       |       |       |       |    14 |     7 |       |       ||    21
       Lee's Rapid Decon |       |       |       |       |       |       |     8 |    24 |    44 ||    76
       Dragon Form       |       |       |       |       |       |       |       |       |    22 ||    22
       Irradiate         |       |       |       |       |       |       |       |       |     2 ||     2
       Borgnjor's Vile C |       |       |       |       |       |       |       |       |     2 ||     2
       Yara's Violent Un |       |       |       |       |       |       |       |       |     1 ||     1
Invok: Elemental Force   |       |       |     1 |     6 |     6 |     2 |       |       |       ||    15
       Upheaval          |       |       |       |     5 |    25 |    16 |     6 |    19 |    48 ||   119
       Disaster Area     |       |       |       |       |     1 |     7 |     1 |     6 |    19 ||    34
 Abil: Evoke Invisibilit |       |       |       |       |       |     1 |       |       |       ||     1
       End Transformatio |       |       |       |       |       |     1 |     1 |     1 |    36 ||    39
       Breathe Fire      |       |       |       |       |       |       |       |       |     5 ||     5
Evoke: Wand              |       |     4 |     4 |     1 |    23 |     7 |     1 |     4 |    12 ||    56
       Lightning rod     |       |       |       |     4 |    15 |     8 |       |     2 |       ||    29
       Condenser vane    |       |       |       |       |     4 |     4 |     5 |     3 |     2 ||    18
       Box of beasts     |       |       |       |       |     2 |     3 |       |     2 |     3 ||    10
       Phial of floods   |       |       |       |       |     2 |     2 |     1 |     2 |     1 ||     8
       Phantom mirror    |       |       |       |       |     1 |     3 |       |       |     5 ||     9
       Tin of tremorston |       |       |       |       |       |       |     3 |     4 |    13 ||    20
       Piece from Xom's  |       |       |       |       |       |       |     3 |       |     1 ||     4
       Horn of Geryon    |       |       |       |       |       |       |       |       |     3 ||     3
  Use: Scroll            |       |       |       |       |       |    29 |     4 |     7 |    13 ||    53
       Potion            |       |       |       |       |       |     8 |     3 |     4 |    12 ||    27
 Stab: Sleeping          |     2 |       |       |       |       |       |       |       |       ||     2
       Paralysed         |       |       |       |     5 |     3 |       |     1 |       |     7 ||    16
       Petrified         |       |       |       |       |    18 |    12 |     4 |       |     1 ||    35
       Petrifying        |       |       |       |       |     2 |       |       |       |       ||     2
       Invisible         |       |       |       |       |       |     4 |       |       |       ||     4
       Distracted        |       |       |       |       |       |     1 |       |       |     3 ||     4
Armor: Robe              |    31 |    45 |    32 |   109 |   133 |    26 |    18 |    36 |    48 ||   478
       Skin              |       |       |       |       |     6 |   606 |   453 |   427 |  1560 ||  3052
Dodge: Dodged            |    34 |    67 |    89 |   199 |   330 |   876 |   609 |   547 |  1691 ||  4442
       Repelled          |       |       |       |     1 |     4 |    14 |    10 |    40 |    54 ||   123
Block: Other             |     2 |    21 |    74 |   209 |   311 |   738 |   607 |   398 |  1179 ||  3539
       Reflection        |       |       |     1 |     2 |    14 |    10 |    36 |     5 |       ||    68

Table legend: (Time is in decaauts)
 A = Elapsed time spent in this place.
 B = Non-inter-level travel time spent in this place.
 C = Inter-level travel time spent in this place.
 D = Time resting spent in this place.
 E = Time spent auto-exploring this place.
 F = Levels seen in this place.
 G = Mean time per level.
                   A        B        C        D        E       F      G
               +--------+--------+--------+--------+--------+-----+--------+
         Total |  67535 |  62273 |   5262 |   9332 |  23536 |  94 |  718.5 |
       Dungeon |  14568 |  12668 |   1900 |    635 |   7932 |  15 |  971.2 |
        Temple |      1 |      1 |      0 |      0 |      0 |   1 |    1.0 |
          Lair |   4966 |   4230 |    736 |    186 |   2204 |   5 |  993.2 |
         Swamp |   4870 |   4571 |    299 |   1046 |   1727 |   4 | 1217.5 |
   Spider Nest |   5457 |   5067 |    390 |    972 |   2301 |   4 | 1364.2 |
    Slime Pits |   2124 |   1912 |    212 |    262 |    415 |   5 |  424.8 |
  Orcish Mines |   1706 |   1531 |    175 |    255 |    368 |   2 |  853.0 |
   Elven Halls |   3194 |   2900 |    294 |    248 |   1471 |   3 | 1064.7 |
        Vaults |   9805 |   8971 |    834 |   1299 |   4145 |   5 | 1961.0 |
        Depths |   5033 |   4650 |    383 |    749 |   2299 |   4 | 1258.2 |
          Hell |    621 |    587 |     34 |    143 |    130 |   1 |  621.0 |
           Dis |    316 |    316 |      0 |    120 |      0 |   2 |  158.0 |
       Gehenna |   1739 |   1739 |      0 |    576 |      0 |   5 |  347.8 |
       Cocytus |   2430 |   2430 |      0 |   1231 |      0 |   7 |  347.1 |
      Tartarus |   1432 |   1432 |      0 |    478 |      0 |   7 |  204.6 |
         Abyss |   2368 |   2368 |      0 |    113 |     11 |   8 |  296.0 |
   Pandemonium |   5977 |   5977 |      0 |    869 |    310 |  14 |  426.9 |
        Bailey |    344 |    344 |      0 |     46 |     38 |   1 |  344.0 |
      Gauntlet |    577 |    577 |      0 |    100 |    182 |   1 |  577.0 |
               +--------+--------+--------+--------+--------+-----+--------+

Top non-repeatable levels by time:
Vaults:5: 2841 daAuts
Depths:2: 1978 daAuts
Vaults:3: 1973 daAuts
   Coc:7: 1920 daAuts
Vaults:4: 1803 daAuts
 Swamp:3: 1691 daAuts
Vaults:1: 1689 daAuts
    D:15: 1589 daAuts
Spider:3: 1567 daAuts
   Orc:2: 1528 daAuts
Vaults:2: 1498 daAuts
 Abyss:3: 1453 daAuts
Depths:3: 1435 daAuts
Spider:2: 1421 daAuts
   Elf:3: 1369 daAuts

Table legend:
 A = Kills in this place as a percentage of kills in entire the game.
 B = Kills by you in this place as a percentage of kills by you in the entire game.
 C = Kills by friends in this place as a percentage of kills by friends in the entire game.
 D = Other kills in this place as a percentage of other kills in the entire game.
 E = Experience gained in this place as a percentage of experience gained in the entire game.
 F = Experience gained in this place divided by the number of levels of this place that you have seen.
                   A       B       C       D       E      F
               +-------+-------+-------+-------+-------+----------------------
         Total | 100.0 | 100.0 | 100.0 | 100.0 | 100.0 | 25369.2
       Dungeon |  10.5 |  10.5 |  17.1 |   0.0 |   3.2 | 5057.1
          Lair |   5.2 |   4.9 |  36.6 |   0.0 |   2.2 | 10600.4
         Swamp |   3.9 |   3.9 |   2.4 |  16.7 |   3.1 | 18254.5
   Spider Nest |   8.7 |   8.7 |   4.9 |   0.0 |   5.5 | 32974.5
    Slime Pits |   4.4 |   4.3 |   7.3 |   0.0 |   3.8 | 17909.6
  Orcish Mines |   3.2 |   3.1 |  12.2 |   0.0 |   1.1 | 12624.0
   Elven Halls |   4.0 |   4.0 |   0.0 |  33.3 |   4.6 | 36380.3
        Vaults |  13.9 |  14.1 |   0.0 |   0.0 |  16.5 | 78853.4
        Depths |   5.7 |   5.8 |   0.0 |   0.0 |   7.7 | 45789.8
          Hell |   2.8 |   2.8 |   0.0 |   0.0 |   3.2 | 75266.0
           Dis |   0.7 |   0.7 |   0.0 |   0.0 |   1.4 | 16284.5
       Gehenna |   3.3 |   3.3 |   0.0 |   0.0 |   6.6 | 31445.4
       Cocytus |   4.3 |   4.3 |   2.4 |  16.7 |   7.3 | 24784.4
      Tartarus |   3.5 |   3.4 |   7.3 |   0.0 |   8.9 | 30473.4
         Abyss |  11.0 |  11.2 |   0.0 |  16.7 |   8.5 | 25197.0
   Pandemonium |  14.0 |  14.0 |   7.3 |  16.7 |  16.3 | 27786.1
        Bailey |   0.6 |   0.6 |   2.4 |   0.0 |   0.1 | 1206.0
      Gauntlet |   0.4 |   0.4 |   0.0 |   0.0 |   0.2 | 5914.0
               +-------+-------+-------+-------+-------+----------------------
